 Dungeon Crawl Stone Soup version 0.22-a0-433-gd2a9cce (webtiles) character file.

29397 Mgcat the Executioner (level 13, -6/114 HPs)
             Began as a Hill Orc Berserker on May 28, 2018.
             Was an Elder of Trog.
             Mangled by a snapping turtle (24 damage)
             ... on level 3 of the Shoals.
             The game lasted 00:39:25 (10816 turns).

Mgcat the Executioner (Hill Orc Berserker)         Turns: 10816, Time: 00:39:26

Health: -6/114     AC: 18    Str: 31    XL:     13   Next: 45%
Magic:  0/4        EV: 21    Int: 12    God:    Trog [****..]
Gold:   624        SH:  0    Dex: 19    Spells: 12/12 levels left

rFire    . . .     SeeInvis +   u - +7 battleaxe (antimagic)
rCold    + . .     Gourm    .   (shield currently unavailable)
rNeg     + . .     Faith    .   b - +1 leather armour "Meoliox" {*Drain rElec rPois Str+6}
rPois    +         Spirit   +   v - +2 hat of the Bear Spirit {Spirit, +Rage rN+ MR++}
rElec    +         Reflect  .   (no cloak)
rCorr    .         Harm     .   K - +0 pair of gloves
MR       +++++                  s - +3 pair of boots "Qodemowi" {Int+3 Dex+4}
Stlth    ++........             L - amulet of Peace {rC+ MR+ Regen+ Int+2 SInv}
HPRegen  1.69/turn              i - +5 ring of protection
MPRegen  0.09/turn              F - +1 ring of protection

@: agile, regenerating, hasted, very quick
A: no striking features
a: Berserk, Trog's Hand, Brothers in Arms, Renounce Religion, Evoke Berserk Rage


You were on level 3 of the Shoals.
You worshipped Trog.
Trog was greatly pleased with you.
You were hungry.

You visited 4 branches of the dungeon, and saw 17 of its levels.
You also visited: Labyrinth and Ossuary.

You collected 624 gold pieces.

Inventory:

Hand Weapons
 u - a +7 antimagic battleaxe (weapon)
   (Trog gifted it to you in a labyrinth)
Missiles
 g - a throwing net {=f, !d}
 n - 210 stones
 E - 19 javelins of returning (quivered)
Armour
 b - the +1 leather armour "Meoliox" (worn) {*Drain rElec rPois Str+6}
   (You found it on level 6 of the Dungeon)

   It affects your strength (+6).
   It insulates you from electricity.
   It protects you from poison.
   It causes draining when unequipped.
 s - the +3 pair of boots "Qodemowi" (worn) {Int+3 Dex+4}
   (You found it on level 4 of the Dungeon)

   It affects your intelligence (+3).
   It affects your dexterity (+4).
 v - the +2 hat of the Bear Spirit (worn) {Spirit, +Rage rN+ MR++}
   (You found it in a labyrinth)

   It protects you from negative energy.
   It affects your resistance to hostile enchantments.
   It lets you go berserk.
 G - a +2 chain mail of magic resistance
   (You took it off a minotaur in a labyrinth)
 K - a +0 pair of gloves (worn)
   (You found it on level 4 of the Lair of Beasts)
Jewellery
 i - a +5 ring of protection (left hand)
   (You found it on level 2 of the Dungeon)
 w - a +2 ring of strength
   (You found it on level 7 of the Dungeon)
 F - a +1 ring of protection (right hand)
   (You took it off a merfolk on level 1 of the Shoals)
 L - the amulet of Peace (around neck) {rC+ MR+ Regen+ Int+2 SInv}
   (You found it on level 2 of the Lair of Beasts)

   [amulet of regeneration]

   It affects your intelligence (+2).
   It protects you from cold.
   It affects your resistance to hostile enchantments.
   It lets you see invisible.
   It increases your rate of regeneration.
Wands
 d - a wand of polymorph (20)
   (You found it in a labyrinth)
 k - a wand of iceblast (19)
   (You found it on level 6 of the Dungeon)
 l - a wand of digging (16)
   (You found it in a labyrinth)
 m - a wand of scattershot (5)
   (You found it in a labyrinth)
 q - a wand of random effects (70)
   (You found it on level 3 of the Dungeon)
 A - a wand of enslavement (14)
   (You found it in a labyrinth)
 C - a wand of flame (21)
   (You found it on level 9 of the Dungeon)
 I - a wand of paralysis (3)
   (You found it on level 4 of the Lair of Beasts)
 M - a wand of acid (3)
   (You found it on level 1 of the Shoals)
Scrolls
 j - 6 scrolls of remove curse
 o - 3 scrolls of identify
 x - 2 scrolls of vulnerability {!r!r}
 y - a scroll of immolation {!r}
 H - a scroll of teleportation
Potions
 a - 3 potions of berserk rage {!q}
 e - 2 potions of cancellation
 f - a potion of magic
 h - 4 potions of curing
 p - 3 potions of brilliance
 r - 6 potions of agility
 t - a potion of resistance
 B - a potion of lignification {!q}
 N - a potion of haste
Miscellaneous
 D - a phial of floods
   (You found it in a labyrinth)
 J - a box of beasts
Comestibles
 c - 12 rations


   Skills:
 + Level 10.3 Fighting
 + Level 22.4 Axes
 + Level 5.8 Armour
 + Level 5.7 Dodging


You had 12 spell levels left.
You didn't know any spells.
Your spell library was empty.

Dungeon Overview and Level Annotations

Branches:
Dungeon (9/15)             Temple (0/1) D:4            Lair (4/6) D:9
 Shoals (3/4) Lair:2       Spider (1/4) Lair:2          Orc (0/2) D:9

Altars:
Elyvilon
Hepliaklqana
Makhleb
Nemelex Xobeh

Shops:
D:4 :

Annotations:
D:4 1 transporter


Message History

You become entangled in the net!
You see here a throwing net {=f, !d}.
Unknown command.
Unknown command.
Your skin crawls.
You feel resistant to hostile enchantments.
You feel somewhat more hungry.
The wind drake exhales a fierce blast of wind!
You are blown backwards!
The snapping turtle is blown away by the wind.
The snapping turtle bites you but does no damage.
The snapping turtle barely misses you.
The merfolk hits you but does no damage.
The snapping turtle bites you but does no damage.
The merfolk hits you from afar with a trident!
The water elemental barely misses you.
The snapping turtle bites you but does no damage.
The merfolk hits you from afar with a trident.
The merfolk misses you. The snapping turtle barely misses you.
The water elemental hits you!
The water elemental engulfs you in water!
The wind drake flaps its wings at you. The air twists around and strikes you!
You cannot call out to Trog while unable to breathe.
Unknown command.
Unknown command.
Okay, then.
Unknown command.
Okay, then.
Unknown command.
Unknown command.
You slice the water elemental!!
The water elemental is severely damaged.
Your lungs strain for air!
The merfolk hits you from afar with a trident!
The snapping turtle barely misses you. The water elemental closely misses you.
You slice the water elemental!!
You destroy the water elemental!
Trog accepts your kill.
You gasp with relief as air once again reaches your lungs.
The snapping turtle bites you from afar!
The merfolk hits you from afar with a trident!
You fail to use your ability.
The snapping turtle bites you from afar!!
* * * LOW HITPOINT WARNING * * *
You fail to use your ability.
The merfolk hits you from afar with a trident!
* * * LOW HITPOINT WARNING * * *
The wind drake flaps its wings at you. The air twists around and strikes you!
The snapping turtle misses you.
Okay, then.
You feel yourself speed up. The merfolk barely misses you.
The snapping turtle bites you but does no damage.
You feel agile all of a sudden. The merfolk completely misses you.
The wind drake bites you but does no damage.
Okay, then.
Your ogre goes berserk!
You are feeling hungry.
The snapping turtle barely misses you. The wind drake closely misses you.
The merfolk misses you.
You slash the wind drake!
The wind drake is moderately wounded.
The snapping turtle bites you from afar!
* * * LOW HITPOINT WARNING * * *
You feel better. The wind drake misses you.
The merfolk hits you from afar with a trident.
* * * LOW HITPOINT WARNING * * *
You feel better.
Your ogre barely misses the wind drake.
The snapping turtle misses you. The wind drake flaps its wings at you.
The air twists around and strikes you!
You feel better.
Your ogre misses the wind drake. The merfolk barely misses you.
The snapping turtle bites you from afar!
* * * LOW HITPOINT WARNING * * *
The wind drake bites you but does no damage.
You slash the wind drake!
The wind drake is heavily wounded.
You closely miss the wind drake.
The wind drake is heavily wounded.
Your ogre closely misses the wind drake.
The merfolk misses you. The wind drake flaps its wings at you.
The air twists around and strikes you!
* * * LOW HITPOINT WARNING * * *
You hear an eerie melody.
The snapping turtle bites you from afar.
* * * LOW HITPOINT WARNING * * *
A wind drake comes into view.
You feel better.
Your ogre barely misses the wind drake.
The wind drake misses you.
Okay, then.
Your ogre goes berserk!
You feel quite a bit more hungry. The faun barely misses your ogre.
The merfolk hits you from afar with a trident!
* * * LOW HITPOINT WARNING * * *
You hear an eerie melody.
The snapping turtle bites you from afar!!
You die...

≈..≈≈≈≈≈≈≈≈≈≈≈≈≈
.......).........
.................
...=.%(.....≈≈≈≈.
.........).≈≈≈≈≈≈
..........≈≈≈≈≈≈≈
........O..≈≈≈≈≈≈
.......@kO.≈≈≈≈≈≈
###..≈##.mc.≈≈≈≈≈
...≈≈≈.##t≈≈≈≈≈≈≈
≈≈≈≈≈≈≈≈≈≈≈≈≈≈≈≈≈≈
≈≈≈≈≈≈≈≈≈≈≈≈≈).≈≈≈≈
≈≈≈≈≈≈≈≈≈≈≈≈≈≈..≈≈≈
.≈≈≈≈≈≈≈≈≈≈≈≈≈k≈≈≈≈
...≈≈≈≈≈≈≈≈≈≈≈≈≈≈≈≈
≈≈.≈≈≈≈≈≈c.≈≈≈≈≈≈≈≈


You could see a snapping turtle, 2 wind drakes, a merfolk, a faun and 2 friendly
ogres.

Vanquished Creatures
  A kraken (Shoals:1)
  Kirke (Lair:4)
  A minotaur (Lab)
  The ghost of pyroka the Blocker, a journeyman MiFi of Okawaru (Lair:2)
  The ghost of MisterFreud the Spry, a journeyman MfGl of the Shining One (Lair:2)
  A merfolk impaler (Shoals:1)
  A merfolk avatar (Shoals:1)
  A two-headed ogre (D:9)
  5 death yaks (Lair:4)
  2 sea snakes
  A wolf spider (Spider:1)
  A manticore (Shoals:2)
  3 fauns (Shoals:1)
  4 elephants (Lair:4)
  A water nymph (Shoals:1)
  2 black mambas (Lair:3)
  2 merfolk sirens
  2 spiny frogs
  2 ice devils (Lair:2)
  7 merfolk
  A queen bee (D:8)
  4 blink frogs (Lair:2)
  2 snapping turtles
  2 hippogriffs (D:9)
  A meliai zombie (D:9)
  2 redbacks (Lab)
  A shadow (Lab)
  A hog (Lair:4)
  A water elemental (Shoals:3)
  A basilisk (Lair:4)
  12 yaks
  2 wyverns
  4 hungry ghosts
  An orc warrior (D:9)
  5 water moccasins
  3 porcupines
  7 ice beasts
  4 sky beasts
  A necrophage (D:9)
  2 phantoms
  2 ogres
  2 centaurs
  4 crocodiles
  7 bullfrogs
  A big kobold (D:8)
  A gnoll sergeant (D:9)
  2 earth elementals (Lab)
  A scorpion (D:6)
  A wyvern skeleton (D:6)
  13 killer bees (D:8)
  4 howler monkeys
  A spriggan skeleton (Lab)
  2 crimson imps
  2 quasits (D:9)
  3 hounds
  2 jellies
  2 orc priests (D:9)
  2 orc wizards (D:9)
  A bullfrog skeleton (D:6)
  A centaur skeleton (Lab)
  Terence (D:3)
  An iguana (D:9)
  10 worker ants
  8 big kobold zombies (Ossuary)
  A hound skeleton (D:9)
  2 mummies
  A worker ant zombie (D:9)
  2 howler monkey zombies
  4 gnolls (D:9)
  A howler monkey skeleton (D:7)
  8 adders
  A worm (D:4)
  A dart slug (D:2)
  A leopard gecko (D:9)
  19 orcs
  3 spectral bats (Ossuary)
  5 bats
  3 giant cockroaches
  4 gnoll zombies (Ossuary)
  A hobgoblin (D:2)
  6 kobolds
  2 quokkas
  7 bat simulacra (Ossuary)
  3 frilled lizards
  2 goblins
  2 goblin simulacra (Ossuary)
  8 goblin zombies (Ossuary)
  A hobgoblin zombie (Ossuary)
  3 kobold simulacra (Ossuary)
  5 kobold zombies
  6 orc zombies
  A quokka zombie (D:8)
  2 rats
  7 rat simulacra (Ossuary)
  2 spectral goblins (Ossuary)
  3 spectral kobolds (Ossuary)
  6 spectral rats (Ossuary)
  A fungus (Lair:4)
  A plant (Lair:2)
  3 tentacles (Shoals:1)
299 creatures vanquished.

Vanquished Creatures (others)
  A human (Lair:4)
  3 fungi
  A plant (Lair:2)
  8 tentacles (Shoals:1)
13 creatures vanquished.

Grand Total: 312 creatures vanquished

Notes
Turn   | Place    | Note
-------+----------+-------------------------------------------
     0 | D:1      | Mgcat the Hill Orc Berserker began the quest for the Orb.
     0 | D:1      | Reached XP level 1. HP: 19/19 MP: 1/1
   143 | D:2      | HP: 2/19 [kobold/short sword (6)]
   145 | D:2      | Reached XP level 2. HP: 5/26 MP: 2/2
   341 | D:2      | Reached skill level 5 in Axes
   469 | D:3      | Reached XP level 3. HP: 31/31 MP: 3/3
   477 | D:3      | Noticed Terence
   487 | D:3      | Killed Terence
   487 | D:3      | Reached skill level 6 in Axes
   582 | D:3      | Reached XP level 4. HP: 39/39 MP: 4/4
   642 | D:4      | Reached skill level 7 in Axes
   718 | D:4      | Reached XP level 5. HP: 41/45 MP: 5/5
   743 | D:4      | Found Sosmul's Book Shop.
   761 | D:4      | Reached ** piety under Trog
   765 | D:4      | Found a transporter.
   940 | D:4      | Got a pair of shimmering boots
   946 | D:4      | Identified the +3 pair of boots "Qodemowi" {Int+3 Dex+4} (You found it on level 4 of the Dungeon)
   950 | D:4      | Found a staircase to the Ecumenical Temple.
   953 | D:5      | Entered Level 5 of the Dungeon
   954 | D:5      | Noticed an ice beast
   960 | D:5      | Killed an ice beast
   960 | D:5      | Reached skill level 8 in Axes
   960 | D:5      | Reached XP level 6. HP: 51/51 MP: 6/6
  1037 | D:5      | Noticed a sky beast
  1050 | D:5      | Killed a sky beast
  1050 | D:5      | Reached skill level 9 in Axes
  1062 | D:5      | Noticed an ice beast
  1076 | D:5      | Killed an ice beast
  1076 | D:5      | Reached skill level 10 in Axes
  1076 | D:5      | Reached XP level 7. HP: 24/57 MP: 7/7
  1266 | D:5      | Reached skill level 11 in Axes
  1419 | D:6      | Found a hazy altar of Hepliaklqana.
  1436 | D:6      | Reached XP level 8. HP: 64/64 MP: 8/8
  1529 | D:6      | Reached skill level 12 in Axes
  1653 | D:6      | Got a faintly humming leather armour
  1752 | D:6      | Identified the +1 leather armour "Meoliox" {*Drain rElec rPois Str+6} (You found it on level 6 of the Dungeon)
  1811 | D:7      | Reached skill level 13 in Axes
  1975 | D:8      | Found a sand-covered staircase.
  1982 | Ossuary  | Entered an ossuary
  1994 | Ossuary  | Reached *** piety under Trog
  2086 | Ossuary  | Reached skill level 14 in Axes
  2152 | Ossuary  | Reached skill level 4 in Fighting
  2218 | Ossuary  | Reached XP level 9. HP: 70/72 MP: 9/9
  2310 | Ossuary  | Reached **** piety under Trog
  2355 | Ossuary  | Reached skill level 5 in Fighting
  2416 | D:8      | Reached skill level 3 in Armour
  2481 | D:8      | Reached skill level 4 in Armour
  2797 | D:8      | Reached skill level 5 in Armour
  2852 | D:8      | Reached skill level 2 in Dodging
  3003 | D:8      | Reached skill level 3 in Dodging
  3217 | D:8      | Reached skill level 4 in Dodging
  3402 | D:8      | Noticed a queen bee
  3412 | D:8      | Killed a queen bee
  3412 | D:8      | Reached skill level 5 in Dodging
  3564 | D:8      | Reached XP level 10. HP: 81/81 MP: 10/10
  3826 | D:9      | Reached ***** piety under Trog
  3859 | D:9      | Reached skill level 15 in Axes
  4272 | D:9      | Found a staircase to the Lair.
  4309 | D:9      | Reached skill level 16 in Axes
  4754 | D:9      | Noticed a two-headed ogre
  4761 | D:9      | Killed a two-headed ogre
  4761 | D:9      | Reached skill level 17 in Axes
  4761 | D:9      | Reached XP level 11. HP: 85/85 MP: 11/11
  4940 | D:9      | Found a staircase to the Orcish Mines.
  5002 | D:9      | Found a sparkling altar of Nemelex Xobeh.
  5002 | D:9      | Found a white marble altar of Elyvilon.
  5084 | Lair:1   | Entered Level 1 of the Lair of Beasts
  5091 | Lair:1   | Found a labyrinth entrance.
  5115 | Lab      | Entered a labyrinth
  5648 | Lab      | Reached skill level 18 in Axes
  5940 | Lab      | Received a gift from Trog
  6559 | Lab      | Noticed a minotaur
  6566 | Lab      | Killed a minotaur
  6568 | Lab      | Found the +2 hat of the Bear Spirit {Spirit, +Rage rN+ MR++}
  6846 | Lair:3   | Reached skill level 19 in Axes
  7628 | Lair:4   | Noticed a death yak
  7629 | Lair:4   | Noticed a death yak
  7629 | Lair:4   | Noticed a death yak
  7653 | Lair:4   | Noticed a death yak
  7654 | Lair:4   | Killed a death yak
  7656 | Lair:4   | Noticed a death yak
  7663 | Lair:4   | Killed a death yak
  7663 | Lair:4   | Reached skill level 20 in Axes
  7674 | Lair:4   | Killed a death yak
  7674 | Lair:4   | Reached XP level 12. HP: 68/93 MP: 4/12
  7678 | Lair:4   | Killed a death yak
  7678 | Lair:4   | Reached skill level 6 in Fighting
  7688 | Lair:4   | Killed a death yak
  7822 | Lair:4   | Noticed Kirke
  7841 | Lair:4   | Killed Kirke
  7841 | Lair:4   | Reached skill level 7 in Fighting
  7944 | Lair:4   | Found a burning altar of Makhleb.
  8042 | Lair:4   | Reached skill level 8 in Fighting
  8593 | Lair:2   | Got a slimy jade amulet
  8595 | Lair:2   | Identified the amulet of Peace {rC+ MR+ Regen+ Int+2 SInv} (You found it on level 2 of the Lair of Beasts)
  8615 | Lair:2   | Noticed pyroka's ghost (journeyman MiFi)
  8625 | Lair:2   | Killed pyroka's ghost
  8650 | Lair:2   | Found a hole to the Spider Nest.
  8704 | Lair:2   | Reached skill level 21 in Axes
  8761 | Lair:2   | Reached skill level 9 in Fighting
  9046 | Lair:2   | Found a staircase to the Shoals.
  9143 | Shoals:1 | Entered Level 1 of the Shoals
  9172 | Shoals:1 | Noticed a merfolk impaler
  9280 | Shoals:1 | Killed a merfolk impaler
  9291 | Shoals:1 | Noticed a kraken
  9415 | Spider:1 | Entered Level 1 of the Spider Nest
  9427 | Spider:1 | Reached skill level 10 in Fighting
  9534 | Lair:2   | Noticed MisterFreud's ghost (journeyman MfGl)
  9553 | Lair:2   | Killed MisterFreud's ghost
  9553 | Lair:2   | Reached XP level 13. HP: 112/112 MP: 3/13
 10082 | Shoals:1 | Killed a kraken
 10082 | Shoals:1 | Reached skill level 22 in Axes
 10805 | Shoals:3 | HP: 22/113 [merfolk/trident (8)]
 10810 | Shoals:3 | HP: 22/114 [merfolk/trident (2)]
 10816 | Shoals:3 | HP: 18/114 [merfolk/trident (16)]
 10816 | Shoals:3 | Mangled by a snapping turtle

Vault maps used:
D:1:      matt_arrival_refuge, minmay_misc_feat_x
D:2:      cheibrodos_old_hovel
D:3:      uniq_terence
D:4:      gammafunk_steamed_eel, kennysheep_mini_moat,
          minmay_temple_entry_statues, first_ration, serial_shops,
          kennysheep_mini
D:5:      grunt_ministairs_3, minmay_misc_feat_alley, amethyst_killhole,
          nrook_mini_backslash, minivault_24
D:6:      basic_altar
D:7:      tgw_fedhas
D:8:      serial_co_window_serial, co_window_corner_a, co_window_paths_a,
          co_window_paths_a, co_window_corner_a, co_window_paths_a,
          co_window_broadway_c, co_window_cross_4, co_window_unsneaky_path_e,
          co_window_corner_cb, co_window_corner_ca, co_window_corner_ca,
          co_window_4corner_b, glass_columns_a, glass_columns_a,
          nicolae_ossuary_entry_giza, david_nohive_1, minmay_misc_feat_plants
D:9:      gammafunk_temple_overflow_elements, lair_entry_dummy,
          hiddenorc1_lemuel, lightli_wizard_tower
Lair:1:   beast_lair_carwin_large_3, lab_entry_generic, worms_lemuel,
          minmay_lair_oklob_chamber, serial_bayou_shore_b
Lair:2:   elwin_shoals_entry_rooms, dummy_spider_entry, serial_forest,
          infiniplex_forest_corner_1, infiniplex_forest_corner_1,
          infiniplex_forest_straight_1, infiniplex_forest_end_3,
          infiniplex_forest_clump_large, infiniplex_forest_lined_3_way,
          infiniplex_forest_lined_1, infiniplex_forest_lined_3,
          portal_ice_cave_demonic_guard
Lair:3:   grunt_megastairs_1
Lair:4:   basic_altar, uniq_kirke
Shoals:1: serial_shops, nicolae_shop_waterfront
Shoals:3: nicolae_shoals_undead_eyrie
Spider:1: spider_trap, einodemon_crawler_minivault
Lab:      nicolae_lab_statue, nicolae_lab_flowing_pool, nicolae_lab_starburst,
          nicolae_lab_plus, lab_hedge
Ossuary:  ossuary_zaba_two_paths

Skill      XL: |  1  2  3  4  5  6  7  8  9 10 11 12 13 |
---------------+----------------------------------------+-----
Axes           | 5 6 7 8 10 11 14 17 20 21 22 | 22.4
Fighting       | 4 5 10 | 10.3
Armour         | 5 |  5.8
Dodging        | 5 |  5.7

Action                   |  1- 3 |  4- 6 |  7- 9 | 10-12 | 13-15 || total
-------------------------+-------+-------+-------+-------+-------++-------
Melee: Hand axe          |    60 |    17 |       |       |       ||    77
       War axe           |       |    40 |   406 |   286 |       ||   732
       Battleaxe         |       |       |       |   211 |    92 ||   303
Invok: Berserk           |     4 |     4 |     9 |    17 |     5 ||    39
       Trog's Hand       |       |     1 |     2 |     9 |     3 ||    15
       Brothers in Arms  |       |       |       |     1 |     2 ||     3
Evoke: Wand              |       |       |       |     1 |       ||     1
  Use: Scroll            |       |     2 |     2 |    22 |     1 ||    27
       Potion            |       |       |       |     2 |     6 ||     8
 Stab: Invisible         |       |       |       |     8 |       ||     8
  Eat: Chunk             |     2 |     5 |    17 |    19 |     4 ||    47
       Ration            |       |       |     1 |     7 |     2 ||    10
Armor: Animal skin       |     6 |       |       |       |       ||     6
       Ring mail         |    26 |    29 |    19 |       |       ||    74
       Leather armour    |       |       |   106 |   131 |    31 ||   268
       Chain mail        |       |       |     8 |       |       ||     8
Dodge: Dodged            |    46 |    25 |   183 |   233 |    48 ||   535

Table legend:
 A = Spawn XP
 B = Non-spawn XP
 C = Spawn XP percentage of total XP
 D = Spawn monster count
 E = Non-spawn monster count
 F = Spawn count percentage of total count
 G = Total turns spent on level
                    A         B        C        D         E        F      G
               +---------+---------+-------+---------+---------+-------+---------
         Total |       0 |   41997 |   0.0 |       0 |     294 |   0.0 | 10816
               +---------+---------+-------+---------+---------+-------+---------
           D:1 |       0 |       7 |   0.0 |       0 |       4 |   0.0 |   249
           D:2 |       0 |      24 |   0.0 |       0 |       7 |   0.0 |   205
           D:3 |       0 |      79 |   0.0 |       0 |       7 |   0.0 |   180
           D:4 |       0 |      99 |   0.0 |       0 |       7 |   0.0 |   319
           D:5 |       0 |     827 |   0.0 |       0 |      13 |   0.0 |   523
           D:6 |       0 |     588 |   0.0 |       0 |      11 |   0.0 |   317
           D:7 |       0 |     474 |   0.0 |       0 |       8 |   0.0 |   167
           D:8 |       0 |    2587 |   0.0 |       0 |      43 |   0.0 |  1456
           D:9 |       0 |    4824 |   0.0 |       0 |      54 |   0.0 |  1271
        Lair:1 |       0 |     101 |   0.0 |       0 |       1 |   0.0 |    82
        Lair:2 |       0 |    4968 |   0.0 |       0 |      11 |   0.0 |  1578
        Lair:3 |       0 |    3549 |   0.0 |       0 |      17 |   0.0 |   935
        Lair:4 |       0 |    8921 |   0.0 |       0 |      15 |   0.0 |   870
      Shoals:1 |       0 |    8738 |   0.0 |       0 |      14 |   0.0 |   493
      Shoals:2 |       0 |    2627 |   0.0 |       0 |       6 |   0.0 |   254
      Shoals:3 |       0 |     205 |   0.0 |       0 |       1 |   0.0 |    28
      Spider:1 |       0 |     580 |   0.0 |       0 |       1 |   0.0 |    14
           Lab |       0 |    2506 |   0.0 |       0 |      10 |   0.0 |  1478
       Ossuary |       0 |     293 |   0.0 |       0 |      64 |   0.0 |   397
               +---------+---------+-------+---------+---------+-------+---------

Vault maps used:
D:1:      matt_arrival_refuge, minmay_misc_feat_x
D:2:      cheibrodos_old_hovel
D:3:      uniq_terence
D:4:      gammafunk_steamed_eel, kennysheep_mini_moat,
          minmay_temple_entry_statues, first_ration, serial_shops,
          kennysheep_mini
D:5:      grunt_ministairs_3, minmay_misc_feat_alley, amethyst_killhole,
          nrook_mini_backslash, minivault_24
D:6:      basic_altar
D:7:      tgw_fedhas
D:8:      serial_co_window_serial, co_window_corner_a, co_window_paths_a,
          co_window_paths_a, co_window_corner_a, co_window_paths_a,
          co_window_broadway_c, co_window_cross_4, co_window_unsneaky_path_e,
          co_window_corner_cb, co_window_corner_ca, co_window_corner_ca,
          co_window_4corner_b, glass_columns_a, glass_columns_a,
          nicolae_ossuary_entry_giza, david_nohive_1, minmay_misc_feat_plants
D:9:      gammafunk_temple_overflow_elements, lair_entry_dummy,
          hiddenorc1_lemuel, lightli_wizard_tower
Lair:1:   beast_lair_carwin_large_3, lab_entry_generic, worms_lemuel,
          minmay_lair_oklob_chamber, serial_bayou_shore_b
Lair:2:   elwin_shoals_entry_rooms, dummy_spider_entry, serial_forest,
          infiniplex_forest_corner_1, infiniplex_forest_corner_1,
          infiniplex_forest_straight_1, infiniplex_forest_end_3,
          infiniplex_forest_clump_large, infiniplex_forest_lined_3_way,
          infiniplex_forest_lined_1, infiniplex_forest_lined_3,
          portal_ice_cave_demonic_guard
Lair:3:   grunt_megastairs_1
Lair:4:   basic_altar, uniq_kirke
Shoals:1: serial_shops, nicolae_shop_waterfront
Shoals:3: nicolae_shoals_undead_eyrie
Spider:1: spider_trap, einodemon_crawler_minivault
Lab:      nicolae_lab_statue, nicolae_lab_flowing_pool, nicolae_lab_starburst,
          nicolae_lab_plus, lab_hedge
Ossuary:  ossuary_zaba_two_paths

Table legend:
 A = Turns spent in this place as a percentage of turns spent in the entire game.
 B = Non-inter-level travel turns spent in this place as a percentage of non-inter-level travel turns spent in the entire game.
 C = Inter-level travel turns spent in this place as a percentage of turns spent in this place.
 D = Turns resting spent in this place as a percentage of non-inter-level travel turns spent in this place.
 E = Turns spent auto-exploring this place as a percentage of non-inter-level travel turns spent in this place.
 F = Non-inter-level travel turns spent in this place divided by the number of levels of this place that you've seen.
                   A       B       C       D       E      F
               +-------+-------+-------+-------+-------+----------------------
         Total | 100.0 | 100.0 |   3.9 |  19.5 |  43.7 | 547.3
       Dungeon |  43.3 |  43.8 |   2.8 |  15.7 |  49.5 | 506.1
          Lair |  32.0 |  30.6 |   8.3 |  19.4 |  64.9 | 794.8
        Shoals |   7.2 |   7.5 |   0.0 |  41.7 |  12.0 | 258.3
   Spider Nest |   0.1 |   0.1 |   0.0 |   0.0 |   0.0 |  14.0
     Labyrinth |  13.7 |  14.2 |   0.0 |  24.7 |   0.0 | 1478.0
       Ossuary |   3.7 |   3.8 |   0.0 |   3.0 |  34.3 | 397.0
               +-------+-------+-------+-------+-------+----------------------

Table legend:
 A = Kills in this place as a percentage of kills in entire the game.
 B = Kills by you in this place as a percentage of kills by you in the entire game.
 C = Kills by friends in this place as a percentage of kills by friends in the entire game.
 D = Other kills in this place as a percentage of other kills in the entire game.
 E = Experience gained in this place as a percentage of experience gained in the entire game.
 F = Experience gained in this place divided by the number of levels of this place that you have seen.
                   A       B       C       D       E      F
               +-------+-------+-------+-------+-------+----------------------
         Total | 100.0 | 100.0 |   N/A |   N/A | 100.0 | 2210.4
       Dungeon |  52.4 |  52.4 |   N/A |   N/A |  22.6 | 1056.6
          Lair |  15.0 |  15.0 |   N/A |   N/A |  41.8 | 4384.8
        Shoals |   7.1 |   7.1 |   N/A |   N/A |  27.5 | 3856.7
   Spider Nest |   0.3 |   0.3 |   N/A |   N/A |   1.4 | 580.0
     Labyrinth |   3.4 |   3.4 |   N/A |   N/A |   6.0 | 2506.0
       Ossuary |  21.8 |  21.8 |   N/A |   N/A |   0.7 | 293.0
               +-------+-------+-------+-------+-------+----------------------
